[Event "*** SCC Grand Prix: Titled Tuesday Blitz"]
[Site "Chess.com"]
[Date "2020.08.11"]
[Round "5"]
[White "CrazyMartian"]
[Black "harkerchess"]
[Result "1-0"]
[WhiteElo "2328"]
[BlackElo "2138"]
[TimeControl "180+1"]
[EndTime "10:57:42 PDT"]
[Termination "CrazyMartian won by resignation"]

1. d4 d5 2. Bf4 Nf6 3. e3 e6 4. Nd2 c5 5. c3 Nc6 6. Ngf3 Qb6 7.
Rb1 Be7 8. Bd3 O-O 9. O-O h6 10. Ne5 Nxe5 11. Bxe5 Bd7 12. f4 Bb5 13. Qe2 Bxd3 14.
Qxd3 Ng4 15. h3 Nxe5 16. fxe5 cxd4 17. exd4 Qd8 18. Nf3 Bg5 19. Rf2 f5 20. exf6 Qxf6 21. Rbf1 Qe7 22. Qe2 Bf6 23. Ne5 Bxe5 24. Qxe5 Rxf2 25.
Rxf2 Rf8 26. Rxf8+ Kxf8 27. Qb8+ Kf7 28. Qxa7 Qc7 29. a4 Kg6 30. Qa8 Qf4 31. Qe8+ Kh7 32. Qxe6 Qc1+ 33. Kh2 Qf4+ 34. Kg1 Qc1+ 35. Kf2 Qxb2+ 36.
Kf1 Qa1+ 37. Ke2 Qb2+ 38. Kf3 Qxc3+ 39. Qe3 Qc6 40. Qd3+ Kh8 41. a5 Qf6+ 42. Ke2 Qe6+ 43. Qe3 Qa6+ 44. Kf3 Qxa5 45. Qe8+ Kh7 46. Qe5 Qc3+ 47.
Kg4 Qc6 48. h4 Qg6+ 49. Kh3 Qc6 50. h5 Qd7+ 51. g4 Qc6 52. Qf5+ Kh8 53. Qf8+ Kh7 54.
Qf5+ Kh8 55. Kg3 Qd6+ 56. Kf3 Qa3+ 57. Kf4 Qd6+ 58. Kf3 Kg8 59. Qc8+ Kh7 60. Qxb7 Qf6+ 61. Ke3 Qg5+ 62. Kf3 Qf6+ 63. Ke3 Qg5+ 64. Kd3 Qxg4 65. Qxd5 Qg3+ 66. Kc4 Qc7+ 67. Kb5 Qb8+ 68. Kc5 Qc7+ 69.
Qc6 Qe7+ 70. Kb5 Qe2+ 71. Kb6 Qb2+ 72. Kc5 Qc3+ 73. Kd5 Qf3+ 74. Kd6 Qf6+ 75. Kc5 Qe7+ 76. Qd6 Qa7+ 77. Kd5 Qb7+ 78. Ke5 Qb5+ 79. Ke6 Qe8+ 80. Kd5 Qb5+ 81. Qc5 Qb3+ 82. Kd6 Qg3+ 83. Kc6 Qf3+ 84. d5 Qf5 85. d6 Qc8+ 86. Kb5 Qb7+ 87. Kc4 Qe4+ 88.
Qd4 Qc6+ 89. Qc5 Qe4+ 90. Kc3 Qf3+ 91. Kb2 Qe2+ 92. Qc2+ Qxc2+ 93. Kxc2 g6 94. d7 gxh5 95. d8=Q Kg6 96. Qh4 1-0

[Event "*** SCC Grand Prix: Titled Tuesday Blitz"]
[Site "Chess.com"]
[Date "2020.08.11"]
[Round "5"]
[White "keepitcool9499"]
[Black "sodastream007"]
[Result "0-1"]
[WhiteElo "2656"]
[BlackElo "2240"]
[TimeControl "180+1"]
[EndTime "10:57:50 PDT"]
[Termination "sodastream007 won on time"]

1. d4 d5 2. c4 c6 3. cxd5 cxd5 4. Nc3 Nf6 5. Bf4 Nc6 6. Nf3 a6 7. e3 Bg4 8. Rc1 e6 9. Qb3 Bxf3 10. gxf3 Qd7 11. Bd3 Be7 12. Na4 Na5 13. Qc2 Qc6 14. Qxc6+ Nxc6 15. Nb6 Ra7 16. Nc8 Ra8 17. Nd6+ Bxd6 18.
Bxd6 Kd7 19. Bc5 Rac8 20. Ke2 b6 21. Ba3 b5 22. Bc5 Na5 23. b3 Rc6 24. Rc2 Nb7 25.
Rhc1 Nxc5 26. Rxc5 Rhc8 27. b4 Kd6 28. a4 Nd7 29.
axb5 axb5 30. Bxb5 Nxc5 31. bxc5+ Kd7 32. Ra1 Rc7 33. Ra8 Rb7 34. Bxc6+ Kxc6 35. Ra6+ Kb5 36. Rd6 Kc4 37. c6 Rc7 38. Rd7 Rxc6 39. Rxf7 Rb6 40.
f4 Rb2+ 41. Kf3 Kd3 42. Rxg7 h5 43. Rh7 Rb8 44. Rxh5 Rg8 45. Rg5 Rh8 46. Rg2 Rh4 47.
Kg3 Rh6 48. h4 Ke4 49. Kh3 Kf3 50. Rg5 Kxf2 51. Re5 Kf3 52. f5 exf5 53. Rxd5 Kxe3 54. Rxf5 Kxd4 55. Kg4 Ke4 56. Rf1 Ke5 57. Kg5 Ra6 58.
Re1+ Kd6 59. h5 Ra2 60. h6 Rg2+ 61. Kf6 Rf2+ 62. Kg7 Rg2+ 63. Kh8 Kd7 64. h7 Kd8 65. Re4 Kd7 66. Ra4 Ke7 67. Ra8 Kf7 68. Rg8 Rh2 69.
Rg1 Rf2 70. Rg3 Rf1 71. Rg7+ Kf8 72. Ra7 Rh1 73. Ra8+ Kf7 74. Rg8 Rh2 75. Rg1 Rf2 76.
Rd1 Kf8 77. Rd5 Kf7 78. Rd6 Kf8 79. Rd7 Rf1 80. Rg7 Rh1 81. Rg5 Rf1 82. Rg4 Kf7 83. Rg8 Rh1 84. Rb8 Rh2 85. Rb7+ Kf8 86. Rb3 Kf7 87.
Rf3+ Ke8 88. Kg7 Rg2+ 89. Kh6 Rh2+ 90. Kg6 Rg2+ 91. Kf6 Rh2 92. Ra3 Rxh7 0-1

[Event "*** SCC Grand Prix: Titled Tuesday Blitz"]
[Site "Chess.com"]
[Date "2020.08.11"]
[Round "5"]
[White "ChessBitl"]
[Black "Sammed_Shete"]
[Result "0-1"]
[WhiteElo "2423"]
[BlackElo "2634"]
[TimeControl "180+1"]
[EndTime "10:57:52 PDT"]
[Termination "Sammed_Shete won by resignation"]

1. e4 c5 2. Nf3 d6 3. d4 cxd4 4. Nxd4 Nf6 5. f3 e5 6. Bb5+ Nbd7 7. Nf5 Qb6 8. a4 g6 9. Be3 Qc7 10. Nh6 Bg7 11. O-O a6 12. Be2 Nh5 13. Nc3 Nf4 14.
Nd5 Nxd5 15. exd5 Nf6 16. Ra3 Bd7 17. a5 Qd8 18. Qd2 Rc8 19. c4 Qe7 20. Rb3 Rc7 21.
Bb6 Rc8 22. Be3 Bxh6 23. Bxh6 Rc7 24. Rc1 Bc8 25. Rbc3 Nd7 26. b4 f6 27. c5 Qf7 28.
Be3 O-O 29. c6 Nb8 30. Bb6 Re7 31. Bc4 f5 32. f4 exf4 33. Qxf4 Re5 34. Ba7 Nd7 35.
cxd7 Bxd7 36. Bd3 Rfe8 37. Rc7 Re1+ 38. Rxe1 Rxe1+ 39. Bf1 Re5 40. Bd4 Re7 41. Qxd6 f4 42.
Rxb7 f3 43. gxf3 Qxf3 44. Qxe7 Qg4+ 45. Bg2 Qxd4+ 46. Kf1 Bb5+ 47. Qe2 Qf4+ 48. Ke1 Bxe2 49. Kxe2 Qe5+ 50. Kf2 Qd4+ 51. Kf1 Qf4+ 52. Ke2 Qxh2 53. Kf2 Qf4+ 54. Kg1 Qd4+ 55. Kh1 h5 56. Rb6 Kg7 57.
b5 axb5 58. d6 h4 59. d7 Kh6 60. Re6 Qxd7 61. Rb6 Qd1+ 62. Kh2 Qd3 63. a6 Qg3+ 64. Kh1 Qe1+ 65. Kh2 Qe5+ 66. Kh1 Qa1+ 67. Kh2 b4 68. Kh3 b3 69. Kh2 b2 70. a7 Qxa7 71.
Rxb2 Qc7+ 72. Kh1 Qe5 73. Rf2 Qe1+ 74. Rf1 Qg3 75. Kg1 h3 76. Rf2 hxg2 77. Rxg2 Qe1+ 78.
Kh2 Kh5 79. Rg3 Qxg3+ 80. Kxg3 Kg5 81. Kf3 Kh4 82. Kf4 g5+ 83. Kf3 Kh3 84. Kf2 g4 85.
Kg1 Kg3 86. Kh1 Kf2 87. Kh2 g3+ 88. Kh3 g2 0-1

[Event "*** SCC Grand Prix: Titled Tuesday Blitz"]
[Site "Chess.com"]
[Date "2020.08.11"]
[Round "5"]
[White "Region_07"]
[Black "Schandenfreude"]
[Result "1-0"]
[WhiteElo "2413"]
[BlackElo "2538"]
[TimeControl "180+1"]
[EndTime "10:57:59 PDT"]
[Termination "Region_07 won on time"]

1. e4 e6 2. d4 d5 3. Nd2 dxe4 4. Nxe4 Nd7 5. Nf3 Ngf6 6. Bd3 Nxe4 7. Bxe4 Nf6 8. Bd3 c5 9. c3 cxd4 10. Nxd4 Be7 11.
O-O O-O 12. Qf3 Qd5 13. Qxd5 Nxd5 14. Be4 Nf6 15. Bf3 e5 16. Re1 exd4 17. Rxe7 dxc3 18. bxc3 Re8 19. Rxe8+ Nxe8 20. Bf4 a5 21. Rb1 Ra7 22. Be3 Ra8 23. Bxb7 Bxb7 24. Rxb7 Nd6 25. Ra7 Rxa7 26. Bxa7 Nb5 27. Bd4 f6 28. Kf1 Kf7 29. Ke2 Ke6 30.
Kd3 Nd6 31. a4 Kd5 32. Bb6 Nc4 33. Bd8 Nb2+ 34. Kc2 Nxa4 35. Bxa5 Kc4 36. g4 Nc5 37. h4 Nd3 38. Bb6 Ne5 39. g5 Nf3 40.
gxf6 gxf6 41. h5 Ng5 42. Bd4 f5 43. Kd2 Ne4+ 44. Ke3 Kd5 45. Kf4 Ke6 46. f3 Nd2 47. Ke3 Nc4+ 48. Kf4 Nd2 49. Be3 Nc4 50. Bc1 Nd6 51.
Ba3 Nc4 52. Bc1 Nd6 53. Kg5 Nc4 54. Kh6 Ne5 55. Kxh7 Nxf3 56. Kg6 Nh4+ 57. Kg7 Ke5 58. h6 f4 59. Bxf4+ Kxf4 60. h7 Nf5+ 61. Kg8 Ne7+ 62.
Kf7 Nf5 63. h8=Q Nd6+ 64. Ke6 Ne4 65. Qf8+ Ke3 66. Qb4 Nd2 67. Kd7 Kd3 68. Kd6 Ne4+ 69. Kd5 Nxc3+ 70. Kc6 Ne2 71. Kb7 Nd4 72. Qe7 Kc4 73. Qd8 Nb3 74. Qh8 Nc5+ 75. Kc6 Ne4 76. Qh4 Kd3 77. Kb7 Nc5+ 78. Kc6 Ne4 79. Kc7 Nc5 80.
Kb8 Ne4 81. Kc7 Kd4 82. Kd8 Ke5 83. Qh7 Nf6 84. Qg6 Ke6 85. Kc7 Ke5 86. Kc6 Ne4 87. Qf7 Kd4 88. Qd5+ Ke3 89. Qe5 Kf3 90. Kd5 Nc3+ 91.
Qxc3+ 1-0

[Event "*** SCC Grand Prix: Titled Tuesday Blitz"]
[Site "Chess.com"]
[Date "2020.08.11"]
[Round "5"]
[White "Paladin61"]
[Black "Durarbayli"]
[Result "1-0"]
[WhiteElo "2653"]
[BlackElo "2854"]
[TimeControl "180+1"]
[EndTime "10:58:07 PDT"]
[Termination "Paladin61 won on time"]

1. b3 Nf6 2. Bb2 g6 3. Bxf6 exf6 4. c4 d5 5. cxd5 Qxd5 6. Nc3 Qa5 7. a3 c6 8. e3 Bg7 9. Nge2 O-O 10. g3 Rd8 11.
Bg2 Rd3 12. O-O Qd8 13. Ra2 Bg4 14. Qc2 Bf5 15. Be4 Bxe4 16. Nxe4 Na6 17. Nd4 Rxd4 18. exd4 Qxd4 19. Qc4 Qd7 20. d4 b5 21. Qc2 f5 22.
Nc5 Nxc5 23. dxc5 Rd8 24. a4 b4 25. Qc4 Bc3 26. Re2 Kg7 27. a5 Qd5 28. Qxd5 Rxd5 29. Re7 a6 30. Ra7 Rxc5 31. Rxa6 Be5 32. Rd1 f4 33. Kg2 Rc3 34. Rd7 f3+ 35. Kh3 h5 36.
Raa7 g5 37. Rxf7+ Kg6 38. g4 h4 39. Rf5 Bf4 40. Re7 Rc2 41. Re6+ Kg7 42. a6 Rxf2 43.
Rxf4 gxf4 44. Re4 Ra2 45. Rxf4 Rxa6 46. Rxf3 Ra3 47. Kxh4 Kg6 48. h3 c5 49. Rf5 Rxb3 50.
Rxc5 Kf6 51. g5+ Ke6 52. Kg4 Rb1 53. h4 b3 54. Rb5 b2 55. Kh5 Ke7 56. Rb7+ Ke6 57.
Rb5 Kf7 58. Rb7+ Ke6 59. Rb6+ Kf5 60. Rb5+ Ke6 61. Rb3 Kf5 62. Rb4 Ke6 63. Rb8 Kf5 64. Kh6 Rh1 65. Rb5+ Ke6 66. Rxb2 Rxh4+ 67. Kg7 Rc4 68. g6 Rc7+ 69. Kh6 Ke7 70. Re2+ Kf8 71. Ra2 Rc1 72. Ra8+ Ke7 73. Ra7+ Kf8 74. Ra8+ Ke7 75.
Kg7 Re1 76. Ra7+ Ke6 77. Rf7 Rg1 78. Rf6+ Ke7 79. Rf7+ Ke6 80. Rf8 Ke7 81. Rf2 Rh1 82.
Re2+ Kd7 83. Kf7 Rf1+ 84. Kg8 Rg1 85. g7 Rg3 86. Re4 Kd6 87. Kf7 Kd5 88. Rf4 Ke5 89. Rf1 1-0

[Event "*** SCC Grand Prix: Titled Tuesday Blitz"]
[Site "Chess.com"]
[Date "2020.08.11"]
[Round "5"]
[White "Azatic"]
[Black "juancruzarias"]
[Result "1-0"]
[WhiteElo "2531"]
[BlackElo "2373"]
[TimeControl "180+1"]
[EndTime "10:58:10 PDT"]
[Termination "Azatic won by resignation"]

1. e4 e6 2. Qe2 Be7 3. Nf3 d5 4. d3 Nf6 5. g3 b6 6. Bg2 Bb7 7. Nbd2 c5 8. O-O Nc6 9. e5 Nd7 10. c4 dxc4 11. dxc4 Nd4 12. Nxd4 Bxg2 13. Kxg2 cxd4 14.
Nf3 Nc5 15. Rd1 d3 16. Qe3 a5 17. b3 Qd7 18. Ba3 Rd8 19. Bxc5 Bxc5 20. Qe4 O-O 21. Ne1 Qd4 22. Qxd4 Bxd4 23. Rab1 Bxe5 24. Rxd3 f6 25. Rbd1 Rxd3 26. Rxd3 Rc8 27. Nf3 Bb2 28. Rd6 Rb8 29.
Rxe6 Ba3 30. Nd2 f5 31. Rc6 Bc5 32. Nf3 Re8 33. Kf1 g6 34. Ne1 Rd8 35. Ke2 Re8+ 36.
Kf1 Rd8 37. Re6 Rd2 38. Re2 Rd1 39. f4 Kf7 40. Rc2 Bb4 41. Re2 Kf6 42. Kf2 Ra1 43.
Nd3 Bd6 44. Rd2 Ke6 45. Kf3 h5 46. Re2+ Kd7 47. Ne5+ Bxe5 48. fxe5 Ke6 49. Kf4 h4 50. Kg5 hxg3 51. hxg3 Rg1 52. Re3 Rg2 53. a3 Rg1 54. b4 axb4 55. axb4 Rg2 56. Kf4 Rc2 57. Kg5 Rxc4 58.
Kxg6 Rg4+ 59. Kh5 Rxb4 60. Kg5 Rg4+ 61. Kh5 Re4 62. Rc3 b5 63. Rc6+ Ke7 64. Rb6 Rxe5 65. Kg5 Re6 66. Rxb5 Ra6 67. Rxf5 Ra8 68. g4 Rg8+ 69.
Kf4 Ke6 70. g5 Rh8 71. Kg4 Rh1 72. Rf3 Rg1+ 73. Kh5 Rh1+ 74. Kg6 Rg1 75. Kh6 Rh1+ 76. Kg7 Rg1 77. g6 Ke7 78. Kh7 Rh1+ 79. Kg8 Rg1 80. g7 Rg2 81. Rf7+ Ke8 82. Rf8+ Ke7 83. Ra8 Rg1 84.
Ra5 Rg2 85. Re5+ Kf6 86. Ra5 Ke7 87. Ra7+ Ke8 88. Ra8+ Ke7 89. Ra4 Ke8 90. Re4+ Kd7 91. Kf7 Rf2+ 92. Kg6 Rg2+ 93. Kf6 Rf2+ 94. Kg5 Rf7 95.
g8=Q 1-0

[Event "*** SCC Grand Prix: Titled Tuesday Blitz"]
[Site "Chess.com"]
[Date "2020.08.11"]
[Round "5"]
[White "WIDBIFS"]
[Black "tvjosue"]
[Result "1/2-1/2"]
[WhiteElo "2710"]
[BlackElo "2529"]
[TimeControl "180+1"]
[EndTime "10:58:23 PDT"]
[Termination "Game drawn by repetition"]

1. d4 Nf6 2. Nf3 e6 3. Bf4 b6 4.
e3 Bb7 5. Nbd2 Be7 6. Bd3 Nh5 7. Bg3 Nxg3 8. hxg3 h6 9. Qe2 d6 10. c3 a6 11. e4 Nd7 12. e5 d5 13. g4 c5 14. Qe3 Rf8 15. Rh5 Qc7 16. g3 O-O-O 17. Kf1 Kb8 18. Kg2 f6 19. Re1 fxe5 20. Nxe5 Nxe5 21.
Qxe5 Qxe5 22. Rhxe5 Bc8 23. R5e3 Bd6 24. Nf3 Rf6 25. Ne5 Rdf8 26. f3 Bxe5 27. dxe5 R6f7 28. f4 g5 29. f5 exf5 30. e6 Rf6 31. gxf5 Kc7 32. Re5 Kd6 33. g4 Bb7 34. Kg3 Bc6 35. a3 b5 36. b4 a5 37. Bc2 axb4 38. axb4 Ra8 39. bxc5+ Kxc5 40. e7 Be8 41. Re6 Rxe6 42. Rxe6 Ra3 43. Bd1 Rxc3+ 44. Bf3 b4 45. Ra6 Re3 46. f6 b3 47. Ra8 Bg6 48. Rb8 Re6 49. Rxb3 Rxf6 50. Re3 Be8 51. Re5 Rd6 52. Kf2 Kd4 53. Rf5 Re6 54. Rxd5+ Kc4 55. Rf5 Rxe7 56. Rf6 Rf7 57. Rxf7 Bxf7 58. Kg3 Kd4 59. Bd1 Ke3 60. Bc2 Bd5 61. Bb1 Be4 62. Ba2 Kd4 63. Bb3 Ke5 64.
Bd1 Bd5 65. Be2 Be6 66. Bd1 Kf6 67. Be2 Bf7 68. Bd1 Bg6 69. Bf3 Ke5 70. Bd1 Kd4 71. Be2 Bc2 72. Bb5 Ke3 73. Bd7 Bd3 74. Be6 Kd4 75.
Bf7 Be4 76. Be6 Ke5 77. Bd7 Bd5 78. Bc8 Be6 79. Bb7 Kf6 80. Be4 Ke7 81. Bd3 Bf7 82.
Bc2 Kf6 83. Bd3 Bg6 84. Be2 Be4 85. Bd1 Ke5 86. Be2 Kd4 87. Bd1 Ke3 88. Ba4 Bf3 89. Bb5 Bd1 90. Bd7 Kd4 91. Bf5 Ke5 92. Bd7 Be2 93.
Bc8 Bd1 94. Bb7 Bc2 95. Bc6 Be4 96. Bb5 Bd5 97. Be2 Be6 98. Bd1 Kf6 99. Be2 Bf7 100.
Bf3 Bg6 101. Be2 Be4 102. Bd1 Kg7 103. Be2 Bd5 104. Bd1 Kf6 105. Be2 Bf7 1/2-1/2

[Event "*** SCC Grand Prix: Titled Tuesday Blitz"]
[Site "Chess.com"]
[Date "2020.08.11"]
[Round "5"]
[White "Vuk2000"]
[Black "IMHansNiemann"]
[Result "1/2-1/2"]
[WhiteElo "2719"]
[BlackElo "2920"]
[TimeControl "180+1"]
[EndTime "10:59:32 PDT"]
[Termination "Game drawn by 50-move rule"]

1. d4 g6 2. e4 Bg7 3. Nf3 c6 4.
c3 d5 5. Nbd2 dxe4 6. Nxe4 Nf6 7. Bd3 O-O 8. O-O Nbd7 9. Qe2 b6 10. Re1 Bb7 11. Bg5 Qc7 12. Nxf6+ exf6 13. Bh4 b5 14.
Qe7 Qc8 15. d5 Nb6 16. dxc6 Qxc6 17. Be4 Nd5 18. Bxd5 Qxd5 19. Bxf6 Bxf6 20. Qxf6 Rfe8 21. Red1 Qc4 22. Rd4 Qc7 23. Rad1 Bc6 24. Ng5 Qe7 25. Qxe7 Rxe7 26. Rd6 Rc8 27. f3 a5 28. Kf2 h6 29. Nh3 Be8 30. Nf4 b4 31. Nd5 Rb7 32.
Rd2 bxc3 33. Nxc3 Kg7 34. Ne4 Rcb8 35. b3 a4 36. Nc5 Ra7 37. bxa4 Bxa4 38. h4 Bb5 39.
R6d4 Rba8 40. h5 gxh5 41. Ne4 Rxa2 42. Ng3 Rxd2+ 43. Rxd2 Kg6 44. Rd5 h4 45. Nf5 Ra2+ 46.
Kg1 h3 47. Rxb5 Rxg2+ 48. Kh1 Rf2 49. Nh4+ Kf6 50. Rh5 Kg7 51. Rf5 f6 52. Rf4 h5 53.
Rf5 Kh6 54. Rb5 Kg7 55. Rc5 Kh6 56. Ra5 Re2 57. Kg1 Rd2 58. Rf5 Kg7 59. Rc5 Kh6 60.
Rb5 Rc2 61. Ra5 Rb2 62. Rd5 Rc2 63. Rf5 Rb2 64. Rxf6+ Kg5 65. Rg6+ Kxh4 66. f4 Rb4 67.
Kh1 Rxf4 68. Rg8 Rf1+ 69. Kh2 Rf2+ 70. Kh1 Rf4 71. Rg7 Rg4 72. Rf7 Rd4 73. Rc7 Kg3 74.
Rc3+ Kg4 75. Rc8 Rd1+ 76. Kh2 Rd2+ 77. Kh1 Kh4 78. Rc4+ Kg5 79. Rc3 Kg4 80. Rc4+ Kf5 81. Rc3 h4 82. Rxh3 Kg4 83. Rb3 Rd1+ 84. Kh2 Rd2+ 85.
Kh1 Rd4 86. Rc3 h3 87. Kh2 Rd2+ 88. Kh1 Kh4 89. Rc4+ Kg3 90. Rc3+ Kg4 91. Rc4+ Kf5 92. Rc3 h2 93. Rf3+ Kg4 94. Rg3+ Kf4 95. Rf3+ Ke4 96. Re3+ Kd4 97. Re4+ Kd5 98. Re5+ Kd6 99. Re6+ Kd7 100. Re7+ Kd8 101. Rh7 Ke8 102. Rxh2 Rd1+ 103. Kg2 Kf7 104. Rh3 Kf6 105. Rf3+ Kg5 106. Kf2 Kg4 107. Rg3+ Kf4 108. Rf3+ Ke4 109. Re3+ Kd4 110. Kf3 Rf1+ 111. Ke2 Rh1 112. Rd3+ Ke4 113. Re3+ Kf4 114. Rf3+ Kg4 115. Re3 Ra1 116. Kd3 Kf4 117. Re4+ Kf5 118. Re3 Kf4 119. Re4+ Kf3 120. Re3+ Kf2 121. Re2+ Kg3 122. Re3+ Kg4 123. Re4+ Kf5 124. Re3 Ra3+ 125. Ke2 Ra8 126. Rf3+ Ke4 127. Re3+ Kf4 128. Rf3+ Kg4 129. Re3 Ra2+ 130. Kd3 Kf4 131. Re4+ Kf5 132. Re2 Ra3+ 133. Kd4 Kf4 134. Rf2+ Kg3 135. Rf8 Ra4+ 136. Kd5 Kg4 137. Rg8+ Kf5 138. Rf8+ Kg6 139. Ke6 Ra6+ 140. Ke5 Kg7 141. Rf3 Ra5+ 142. Ke4 Kg6 143. Rg3+ Kf6 144. Re3 Re5+ 145. Kd4 Ra5 146. Rf3+ Ke6 147. Re3+ Kd6 148. Rb3 Ra4+ 149. Ke3 Kc5 150. Rc3+ Kd5 151. Rd3+ Ke5 152. Rb3 1/2-1/2

[Event "*** SCC Grand Prix: Titled Tuesday Blitz"]
[Site "Chess.com"]
[Date "2020.08.11"]
[Round "6"]
[White "coalescenet"]
[Black "anon569"]
[Result "0-1"]
[WhiteElo "1946"]
[BlackElo "2349"]
[TimeControl "180+1"]
[EndTime "11:01:24 PDT"]
[Termination "anon569 won by resignation"]

1. d4 Nf6 2. c4 e6 3. Nf3 Bb4+ 4. Nbd2 b6 5. e3 Bb7 6. a3 Bxd2+ 7. Qxd2 O-O 8. b4 Ne4 9. Qc2 d6 10. Bb2 Nd7 11. Nd2 f5 12. f3 Qh4+ 13. Kd1 Nf2+ 0-1

[Event "*** SCC Grand Prix: Titled Tuesday Blitz"]
[Site "Chess.com"]
[Date "2020.08.11"]
[Round "6"]
[White "icychess54"]
[Black "gagtemp"]
[Result "1-0"]
[WhiteElo "2227"]
[BlackElo "1958"]
[TimeControl "180+1"]
[EndTime "11:01:28 PDT"]
[Termination "icychess54 won by resignation"]

1. c4 e6 2. Nf3 d5 3. e3 c5 4. cxd5 exd5 5. d4 Nf6 6. Nc3 Nc6 7. Be2 Be7 8. O-O O-O 9. b3 a6 10. Bb2 b5 11. dxc5 Bxc5 12. Rc1 Qb6 13. Nxd5 Nxd5 14. Qxd5 1-0

[Event "*** SCC Grand Prix: Titled Tuesday Blitz"]
[Site "Chess.com"]
[Date "2020.08.11"]
[Round "6"]
[White "FeketeBarika"]
[Black "jlandaw"]
[Result "0-1"]
[WhiteElo "2196"]
[BlackElo "2523"]
[TimeControl "180+1"]
[EndTime "11:02:00 PDT"]
[Termination "jlandaw won by resignation"]

1. Nf3 Nf6 2. g3 c5 3. Bg2 Nc6 4. c4 d6 5. Nc3 g6 6. O-O Bg7 7. Rb1 O-O 8. d3 Be6 9. a3 Qd7 10. b4 Bh3 11. bxc5 Bxg2 12. Kxg2 dxc5 13. Be3 b6 14.
Qd2 Ng4 15. h3 Nxe3+ 16. Qxe3 Bxc3 0-1

[Event "*** SCC Grand Prix: Titled Tuesday Blitz"]
[Site "Chess.com"]
[Date "2020.08.11"]
[Round "6"]
[White "londonkid"]
[Black "KarpovVadim"]
[Result "1-0"]
[WhiteElo "2458"]
[BlackElo "2288"]
[TimeControl "180+1"]
[EndTime "11:02:12 PDT"]
[Termination "londonkid won by checkmate"]

1. d4 Nf6 2. c4 e6 3. Nf3 Bb4+ 4. Nbd2 O-O 5. g3 b6 6. Bg2 Bb7 7. O-O d5 8. Ne5 Be7 9. cxd5 exd5 10. Ndc4 c6 11. Ne3 Nbd7 12. Nf5 Re8 13. Bg5 h6 14.
Bxh6 gxh6 15. Nxh6+ Kg7 16. Nhxf7 Qc7 17. Qd2 Nf8 18.
Qh6+ Kg8 19. Qh8# 1-0

[Event "*** SCC Grand Prix: Titled Tuesday Blitz"]
[Site "Chess.com"]
[Date "2020.08.11"]
[Round "6"]
[White "kakarot_001"]
[Black "ValeriyGrinev"]
[Result "1-0"]
[WhiteElo "2813"]
[BlackElo "2633"]
[TimeControl "180+1"]
[EndTime "11:02:17 PDT"]
[Termination "kakarot_001 won by resignation"]

1. d4 Nf6 2. c4 g6 3. g3 Bg7 4. Bg2 c5 5. Nf3 cxd4 6. O-O O-O 7. Qxd4 Nc6 8. Qh4 Qa5 9. Nc3 d6 10. Nd5 Be6 11. Bd2 Qc5 12. b4 g5 13. Nxg5 Qd4 14. Nxf6+ 1-0

[Event "*** SCC Grand Prix: Titled Tuesday Blitz"]
[Site "Chess.com"]
[Date "2020.08.11"]
[Round "6"]
[White "Brave_spirit12"]
[Black "Twitch_ElhamBlitz05"]
[Result "0-1"]
[WhiteElo "2529"]
[BlackElo "2764"]
[TimeControl "180+1"]
[EndTime "11:02:32 PDT"]
[Termination "Twitch_ElhamBlitz05 won by resignation"]

1. e4 c6 2. Nc3 d5 3. Nf3 dxe4 4. Nxe4 Nf6 5. Nxf6+ exf6 6. Bc4 Bd6 7. O-O O-O 8.
d4 Re8 9. c3 Nd7 10. Be3 Nf8 11. h3 Ng6 12. Re1 Bf5 13. Bd3 Be6 14. c4 Qd7 15. d5 cxd5 16. cxd5 Bxh3 17. gxh3 Qxh3 18. Bxg6 hxg6 19. Nd4 Rxe3 0-1

[Event "*** SCC Grand Prix: Titled Tuesday Blitz"]
[Site "Chess.com"]
[Date "2020.08.11"]
[Round "6"]
[White "Onischuk_V"]
[Black "nrvisakh"]
[Result "1-0"]
[WhiteElo "2923"]
[BlackElo "2766"]
[TimeControl "180+1"]
[EndTime "11:02:34 PDT"]
[Termination "Onischuk_V won by resignation"]

1. e4 c6 2. d4 d5 3. Nc3 dxe4 4. Nxe4 Bf5 5. Ng3 Bg6 6. c3 Nd7 7. Nh3 e6 8. Nf4 Bd6 9. h4 Bxf4 10. Bxf4 h6 11.
Qb3 Qb6 12. Qa3 Ne7 13. Be2 Rc8 14. h5 Bh7 15. O-O c5 16. dxc5 Nxc5 17. Be3 Nd5 18.
Bd4 O-O 19. b4 Nxc3 20. Bxc5 Nxe2+ 21. Nxe2 Qc6 22. Bxf8 1-0

[Event "*** SCC Grand Prix: Titled Tuesday Blitz"]
[Site "Chess.com"]
[Date "2020.08.11"]
[Round "6"]
[White "abhidabhi"]
[Black "emperor87"]
[Result "1-0"]
[WhiteElo "2786"]
[BlackElo "2620"]
[TimeControl "180+1"]
[EndTime "11:02:36 PDT"]
[Termination "abhidabhi won by resignation"]

1. Nf3 c5 2. g3 Nf6 3. Bg2 g6 4. b3 Bg7 5. Bb2 O-O 6. c4 Nc6 7. d4 cxd4 8. Nxd4 Nxd4 9. Qxd4 Nh5 10. Qd2 d6 11. Bxg7 Nxg7 12. Nc3 Rb8 13. O-O Bd7 14. Rfd1 b6 15. Rac1 Re8 16. e4 Qc8 17. e5 Bg4 18.
exd6 exd6 19. Re1 Bh3 20. Nd5 Bxg2 21. Rxe8+ 1-0

[Event "*** SCC Grand Prix: Titled Tuesday Blitz"]
[Site "Chess.com"]
[Date "2020.08.11"]
[Round "6"]
[White "GigaQuparadze"]
[Black "Volodar_Murzin"]
[Result "1-0"]
[WhiteElo "2921"]
[BlackElo "2685"]
[TimeControl "180+1"]
[EndTime "11:02:45 PDT"]
[Termination "GigaQuparadze won by resignation"]

1. e4 c5 2. Nf3 d6 3. d4 cxd4 4. Nxd4 Nf6 5. Nc3 a6 6. h3 e5 7.
Nb3 Be6 8. f4 Be7 9. f5 Bc8 10.
g4 h6 11. Bg2 b5 12. O-O Nbd7 13. a4 b4 14. Nd5 Bb7 15. Be3 Nxd5 16. exd5 a5 17. Nd2 Rc8 18. Ne4 Ba6 19. Re1 Nf6 20. Nxf6+ Bxf6 21. Qd2 O-O 22. Be4 Bh4 23. Bf2 Bxf2+ 24.
Qxf2 Rc5 25. Rad1 f6 26. Re3 Rc6 27. dxc6 1-0

[Event "*** SCC Grand Prix: Titled Tuesday Blitz"]
[Site "Chess.com"]
[Date "2020.08.11"]
[Round "6"]
[White "AJSC02"]
[Black "Rubinstein_Akiba"]
[Result "0-1"]
[WhiteElo "2257"]
[BlackElo "2445"]
[TimeControl "180+1"]
[EndTime "11:02:45 PDT"]
[Termination "Rubinstein_Akiba won by resignation"]

1. e4 c5 2. Nf3 d6 3. d4 cxd4 4. Nxd4 Nf6 5. f3 e5 6. Nb3 a5 7. c4 Nxe4 8. fxe4 Qh4+ 9. Kd2 a4 10. Nc3 axb3 11. Qxb3 Nc6 12. Nb5 Qf2+ 13. Kd1 Bg4+ 0-1

[Event "*** SCC Grand Prix: Titled Tuesday Blitz"]
[Site "Chess.com"]
[Date "2020.08.11"]
[Round "6"]
[White "MVM2008"]
[Black "beatnoguera"]
[Result "1-0"]
[WhiteElo "2198"]
[BlackElo "1812"]
[TimeControl "180+1"]
[EndTime "11:02:46 PDT"]
[Termination "MVM2008 won by checkmate"]

1. e4 e5 2. Nf3 Nc6 3. Bc4 Bc5 4. b4 Bxb4 5. c3 Ba5 6. d4 exd4 7.
O-O d6 8. cxd4 Bg4 9. Qb3 Bb6 10. Bxf7+ Kf8 11. Bxg8 Rxg8 12. Ng5 Qd7 13. Nxh7+ Ke8 14.
Qxg8+ Ke7 15. Bg5# 1-0

[Event "*** SCC Grand Prix: Titled Tuesday Blitz"]
[Site "Chess.com"]
[Date "2020.08.11"]
[Round "6"]
[White "Shahinyan_ChessMood"]
[Black "tvjosue"]
[Result "1-0"]
[WhiteElo "2702"]
[BlackElo "2525"]
[TimeControl "180+1"]
[EndTime "11:02:52 PDT"]
[Termination "Shahinyan_ChessMood won by resignation"]

1. e4 c5 2. Nc3 Nc6 3. g3 g6 4. Bg2 Bg7 5. d3 e6 6. Be3 d6 7. Qd2 Nd4 8. Nd1 Nc6 9. c3 Rb8 10. Ne2 Nge7 11. Bh6 O-O 12. h4 f6 13. Bxg7 Kxg7 14.
f4 h5 15. O-O e5 16. Ne3 Be6 17. f5 gxf5 18. exf5 Bf7 19. g4 hxg4 20. Nxg4 Rh8 21. Nxf6 Ng8 22. Qg5+ Kf8 23. Nxg8 Rxg8 24. Qh6+ Ke8 25.
Rae1 Qe7 26. Nf4 Kd7 27. Ng6 Qe8 28. h5 1-0

[Event "*** SCC Grand Prix: Titled Tuesday Blitz"]
[Site "Chess.com"]
[Date "2020.08.11"]
[Round "6"]
[White "barbara25"]
[Black "FedaMaster"]
[Result "0-1"]
[WhiteElo "2204"]
[BlackElo "2396"]
[TimeControl "180+1"]
[EndTime "11:03:10 PDT"]
[Termination "FedaMaster won by resignation"]

1. e4 d5 2. exd5 Qxd5 3. Nc3 Qd6 4. d4 Nf6 5. Nf3 Bg4 6. Be2 Nc6 7. Be3 O-O-O 8. h3 Bxf3 9. Bxf3 Nxd4 10. O-O e6 11.
Bxd4 Qxd4 12. Qe2 Bd6 13. Nb5 Qb6 14. Nxd6+ Rxd6 15. c4 Rhd8 16. b3 Rd2 17. Qe1 Qd4 18. Qc1 e5 19. Rd1 Qxf2+ 20. Kh1 e4 21. Rxd2 Rxd2 22.
Qa3 exf3 23. Qf8+ Rd8 0-1

[Event "*** SCC Grand Prix: Titled Tuesday Blitz"]
[Site "Chess.com"]
[Date "2020.08.11"]
[Round "6"]
[White "Sekar24"]
[Black "Politov_Pavel"]
[Result "0-1"]
[WhiteElo "2503"]
[BlackElo "2112"]
[TimeControl "180+1"]
[EndTime "11:03:25 PDT"]
[Termination "Politov_Pavel won by resignation"]

1. e4 c5 2. Nf3 e6 3. d4 cxd4 4. Nxd4 Nf6 5. Nc3 Bb4 6. e5 Ne4 7. Qg4 Nxc3 8. a3 Bf8 9. bxc3 h5 10. Qg3 h4 11. Qf4 Qa5 12. Bd2 Nc6 13. Nf3 Qc5 14. c4 d6 15. exd6 Bxd6 16. Qg4 Kf8 17. Bd3 h3 18. g3 Ne5 19. Nxe5 Qxe5+ 0-1

[Event "*** SCC Grand Prix: Titled Tuesday Blitz"]
[Site "Chess.com"]
[Date "2020.08.11"]
[Round "6"]
[White "Jumbo"]
[Black "CrushingKings"]
[Result "1-0"]
[WhiteElo "2864"]
[BlackElo "2513"]
[TimeControl "180+1"]
[EndTime "11:03:27 PDT"]
[Termination "Jumbo won by resignation"]

1. e4 c5 2. Nf3 e6 3. d4 cxd4 4. Nxd4 Nc6 5. Nc3 Qc7 6. g3 a6 7. Bg2 Nge7 8. O-O Nxd4 9. Qxd4 Nc6 10. Qd3 Ne5 11. Qe2 h5 12. f4 Nc4 13. e5 Rb8 14.
b3 Nd6 15. Nd5 Qc5+ 16. Be3 1-0